IL
IOWA CUBS @ MEMPHIS REDBIRDS
07/25/2046
 
TOP OF THE 1ST
Iowa Cubs batting - Pitching for Memphis Redbirds : RHP David Murphy
Pitching: RHP David Murphy
Batting: RHB Jason Ostrom 0-0: Called Strike
0-1: Ball
1-1: Swinging Strike
1-2: Fly out, F8 (Flyball, 8RXD, EV 91.9 MPH)
Batting: RHB Pat Barton 0-0: Called Strike
0-1: Ball
1-1: DOUBLE (Line Drive, 9LS, EV 104.4 MPH)
Batting: RHB Adam O'Hare 0-0: Ball
1-0: Foul Ball, location: 2F
1-1: Ball
Pat Barton steals 3rd base
2-1: Called Strike
2-2: Foul Ball, location: 2F
2-2: Ground out 6-3 (Groundball, 6, EV 83.1 MPH)
Pat Barton scores
Batting: RHB Brian Gargis 0-0: Fly out, F8 (Flyball, 89M, EV 88.8 MPH)
Top of the 1st over - 1 run, 1 hit, 0 errors, 0 left on base; Iowa 1 - Memphis 0
BOTTOM OF THE 1ST
Memphis Redbirds batting - Pitching for Iowa Cubs : RHP Josh MacQueen
Pitching: RHP Josh MacQueen
Batting: RHB Rick O'Reilly 0-0: Ball
1-0: Ball
2-0: Ball
3-0: Called Strike
3-1: Base on Balls
Batting: SHB Luke Robbins 0-0: Swinging Strike
0-1: Foul Ball, location: 2F
0-2: Foul Ball, location: 2F
0-2: Foul Ball, location: 2F
0-2: Fielders Choice at 2nd, 6-4 (Groundball, 6, EV 90.0 MPH)
Batting: RHB Melvin Enriquez 0-0: Foul Ball, location: 2F
0-1: Ball
1-1: Fly out, F7 (Flyball, 7D, EV 95.0 MPH)
Batting: LHB Shawn Morrison 0-0: Called Strike
Luke Robbins steals 2nd base
0-1: Ball
1-1: Fly out, F9 (Flyball, 9D, EV 90.0 MPH)
Bottom of the 1st over - 0 runs, 0 hits, 0 errors, 1 left on base; Iowa 1 - Memphis 0
TOP OF THE 2ND
Iowa Cubs batting - Pitching for Memphis Redbirds : RHP David Murphy
Batting: RHB Andy Wasierski 0-0: Called Strike
0-1: Ball
1-1: Foul Ball, location: 2F
1-2: Foul Ball, location: 2F
1-2: Ball
2-2: SINGLE (Groundball, 4M, EV 110.6 MPH)
Batting: RHB Tony Mendez 0-0: Foul Ball, location: 2F
0-1: Ball
1-1: Foul Ball, location: 2F
1-2: Ball
2-2: Foul Ball, location: 2F
2-2: Ball
3-2: Foul Ball, location: 2F
3-2: SINGLE (Groundball, 34D, EV 95.0 MPH)
Andy Wasierski to second
Runner from 2nd tries for 3rd, SAFE, throw by RF made to third
Batting: RHB Sung-hwan Jung 0-0: Ball
Tony Mendez is caught stealing 2nd base 2-4
1-0: Foul Ball, location: 2F
1-1: Foul Ball, location: 2F
1-2: Ball
2-2: Strikes out swinging
Batting: RHB Adam Kelliher 0-0: Called Strike
0-1: SINGLE (Groundball, 4MS, EV 65.0 MPH) (infield hit)
Andy Wasierski scores
Batting: SHB Nick Chandler 0-0: Called Strike
0-1: Ground out 4-3 (Groundball, 34, EV 76.9 MPH)
Top of the 2nd over - 1 run, 3 hits, 0 errors, 1 left on base; Iowa 2 - Memphis 0
BOTTOM OF THE 2ND
Memphis Redbirds batting - Pitching for Iowa Cubs : RHP Josh MacQueen
Batting: RHB Danny Gallo 0-0: Called Strike
0-1: Foul Ball, location: 2F
0-2: Strikes out swinging
Batting: LHB Frank Hill 0-0: Ball
1-0: Fly out, F7 (Flyball, 7S, EV 94.4 MPH)
Batting: RHB Dan Boykins 0-0: Ball
1-0: Ball
2-0: Called Strike
2-1: Ball
3-1: Swinging Strike
3-2: Base on Balls
Batting: LHB David Moore 0-0: Fly out, F7 (Flyball, 7, EV 91.2 MPH)
Bottom of the 2nd over - 0 runs, 0 hits, 0 errors, 1 left on base; Iowa 2 - Memphis 0
TOP OF THE 3RD
Iowa Cubs batting - Pitching for Memphis Redbirds : RHP David Murphy
Batting: RHB Jason Ostrom 0-0: Bunt missed!
0-1: SINGLE (Groundball, 6MS, EV 93.8 MPH) (infield hit)
Batting: RHB Pat Barton 0-0: Ball
1-0: Ball
2-0: Reached on error, E4 (Groundball, 4, EV 110.0 MPH)
Jason Ostrom to second
Batting: RHB Adam O'Hare 0-0: Ball
1-0: Foul Ball, location: 2F
1-1: Foul Ball, location: 2F
1-2: Ball
2-2: Strikes out swinging
Batting: RHB Brian Gargis 0-0: Ball
1-0: Foul Ball, location: 2F
1-1: Swinging Strike
1-2: Ball
2-2: Ball
3-2: Foul Ball, location: 2F
3-2: Foul Ball, location: 2F
3-2: Fielders Choice at 2nd, 3-6 (Groundball, 3, EV 89.4 MPH)
Jason Ostrom to third
Batting: RHB Andy Wasierski 0-0: Ball
1-0: Foul Ball, location: 2F
1-1: Swinging Strike
1-2: Ball
2-2: Foul Ball, location: 2F
2-2: Foul Ball, location: 2F
2-2: Strikes out looking
Top of the 3rd over - 0 runs, 1 hit, 1 error, 2 left on base; Iowa 2 - Memphis 0
BOTTOM OF THE 3RD
Memphis Redbirds batting - Pitching for Iowa Cubs : RHP Josh MacQueen
Batting: RHB Jason Gee 0-0: Called Strike
0-1: Foul Ball, location: 2F
0-2: Foul Ball, location: 2F
0-2: Ball
1-2: DOUBLE (Line Drive, 3D, EV 95.0 MPH)
Batting: RHB Rick O'Reilly 0-0: Ball
1-0: Called Strike
1-1: Ball
2-1: Foul Ball, location: 2F
2-2: Foul Ball, location: 2F
2-2: Strikes out looking
Batting: SHB Luke Robbins 0-0: Ball
1-0: Foul Ball, location: 2F
1-1: Ball
2-1: Foul Ball, location: 2F
2-2: Strikes out swinging
Batting: RHB Melvin Enriquez 0-0: Called Strike
0-1: Ground out 5-3 (Groundball, 56S, EV 81.2 MPH)
Bottom of the 3rd over - 0 runs, 1 hit, 0 errors, 1 left on base; Iowa 2 - Memphis 0
TOP OF THE 4TH
Iowa Cubs batting - Pitching for Memphis Redbirds : RHP David Murphy
Batting: RHB Tony Mendez 0-0: Ball
1-0: Ball
2-0: Called Strike
2-1: SINGLE (Groundball, 34D, EV 95.6 MPH)
Batting: RHB Sung-hwan Jung 0-0: Called Strike
0-1: Ball
1-1: Foul Ball, location: 2F
1-2: Strikes out swinging
Batting: RHB Adam Kelliher 0-0: Ball
1-0: Called Strike
1-1: Ball
2-1: Called Strike
2-2: Strikes out swinging
Batting: SHB Nick Chandler 0-0: Ball
1-0: Called Strike
1-1: Ball
2-1: Swinging Strike
2-2: Strikes out swinging
Top of the 4th over - 0 runs, 1 hit, 0 errors, 1 left on base; Iowa 2 - Memphis 0
BOTTOM OF THE 4TH
Memphis Redbirds batting - Pitching for Iowa Cubs : RHP Josh MacQueen
Batting: LHB Shawn Morrison 0-0: Ball
1-0: SINGLE (Line Drive, 4D, EV 100.0 MPH)
Batting: RHB Danny Gallo 0-0: DOUBLE (Flyball, 89XD, EV 115.6 MPH)
Shawn Morrison to third
Batting: LHB Frank Hill 0-0: Ball
1-0: Ball
2-0: Ball
3-0: Foul Ball, location: 2F
3-1: SINGLE (Line Drive, 9S, EV 110.0 MPH)
Shawn Morrison scores
Danny Gallo to third
Batting: RHB Dan Boykins 0-0: Called Strike
0-1: Grounds into double play, 6-4-3 (Groundball, 56, EV 84.4 MPH)
Danny Gallo scores
Batting: LHB David Moore 0-0: Called Strike
0-1: Foul Ball, location: 2F
0-2: Ball
1-2: Foul Ball, location: 2F
1-2: Ball
2-2: Ball
3-2: Base on Balls
Batting: RHB Jason Gee 0-0: Ball
1-0: Reached on error, E9 (Flyball, 89S, EV 91.9 MPH)
David Moore to third
Batting: RHB Rick O'Reilly 0-0: Called Strike
0-1: Ball
1-1: Ground out 4-3 (Groundball, 4, EV 105.6 MPH)
Bottom of the 4th over - 2 runs, 3 hits, 1 error, 2 left on base; Iowa 2 - Memphis 2
TOP OF THE 5TH
Iowa Cubs batting - Pitching for Memphis Redbirds : RHP David Murphy
Batting: RHB Jason Ostrom 0-0: Ground out 2-3 (Groundball, 2L, EV 67.5 MPH)
Batting: RHB Pat Barton 0-0: Ball
1-0: Called Strike
1-1: Called Strike
1-2: Ball
2-2: Ground out 5-3 (Groundball, 5S, EV 77.5 MPH)
Batting: RHB Adam O'Hare 0-0: Called Strike
0-1: Ball
1-1: Fly out, F9 (Flyball, 9LSF, EV 83.1 MPH)
Top of the 5th over - 0 runs, 0 hits, 0 errors, 0 left on base; Iowa 2 - Memphis 2
BOTTOM OF THE 5TH
Memphis Redbirds batting - Pitching for Iowa Cubs : RHP Josh MacQueen
Batting: SHB Luke Robbins 0-0: Called Strike
0-1: Ball
1-1: Foul Ball, location: 2F
1-2: SINGLE (Line Drive, 9S, EV 111.2 MPH)
Batting: RHB Melvin Enriquez 0-0: Ball
Luke Robbins steals 2nd base (no throw)
1-0: Called Strike
1-1: Swinging Strike
1-2: Ground out 1-3 (Groundball, 15S, EV 71.9 MPH)
Pitching: RHP Devin Ward
Batting: LHB Shawn Morrison 0-0: Ball
1-0: Ball
2-0: Ball
3-0: Called Strike
3-1: Base on Balls
Batting: RHB Danny Gallo 0-0: Ball
Passed Ball!
Luke Robbins to third
Shawn Morrison to second
1-0: Ball
2-0: Ball
3-0: Called Strike
3-1: Base on Balls
Batting: LHB Frank Hill 0-0: Called Strike
0-1: Ball
1-1: Ball
2-1: Foul Ball, location: 2F
2-2: Strikes out looking
Batting: RHB Dan Boykins 0-0: Called Strike
0-1: Ground out 4-3 (Groundball, 4, EV 81.2 MPH)
Bottom of the 5th over - 0 runs, 1 hit, 0 errors, 3 left on base; Iowa 2 - Memphis 2
TOP OF THE 6TH
Iowa Cubs batting - Pitching for Memphis Redbirds : RHP David Murphy
Batting: RHB Brian Gargis 0-0: Ball
1-0: Ground out 6-3 (Groundball, P, EV 91.9 MPH)
Batting: RHB Andy Wasierski 0-0: Foul Ball, location: 2F
0-1: Foul Ball, location: 2F
0-2: Ball
1-2: DOUBLE (Line Drive, 9LM, EV 90.6 MPH)
Batting: RHB Tony Mendez 0-0: Ball
1-0: Foul Ball, location: 2F
1-1: Foul Ball, location: 2F
1-2: Fly out, F9 (Flyball, 9S, EV 86.2 MPH)
Batting: RHB Sung-hwan Jung 0-0: Ball
1-0: Fly out, F8 (Flyball, 8RM, EV 82.5 MPH)
Top of the 6th over - 0 runs, 1 hit, 0 errors, 1 left on base; Iowa 2 - Memphis 2
BOTTOM OF THE 6TH
Memphis Redbirds batting - Pitching for Iowa Cubs : RHP Devin Ward
Batting: LHB David Moore 0-0: Called Strike
0-1: Swinging Strike
0-2: Ball
1-2: Foul Ball, location: 2F
1-2: Ball
2-2: Strikes out swinging
Batting: RHB Jason Gee 0-0: SINGLE (Groundball, 6S, EV 76.2 MPH) (infield hit)
Batting: RHB Rick O'Reilly 0-0: Ball
Jason Gee steals 2nd base
1-0: Called Strike
1-1: Ball
2-1: Ground out 4-3 (Groundball, 4MD, EV 78.1 MPH)
Jason Gee to third
Batting: SHB Luke Robbins 0-0: Ball
1-0: Ball
2-0: Ball
3-0: Called Strike
3-1: Foul Ball, location: 2F
3-2: Base on Balls
Batting: RHB Melvin Enriquez 0-0: DOUBLE (Line Drive, 8RXD, EV 112.5 MPH)
Jason Gee scores
Luke Robbins to third
Runner from 3rd tries for Home, SAFE, throw by CF to trailing runner, SAFE at third!
Pitching: RHP Ryan Masterson
Batting: LHB Shawn Morrison 0-0: Called Strike
0-1: Foul Ball, location: 2F
0-2: Strikes out looking
Bottom of the 6th over - 2 runs, 2 hits, 0 errors, 1 left on base; Iowa 2 - Memphis 4
TOP OF THE 7TH
Iowa Cubs batting - Pitching for Memphis Redbirds : RHP David Murphy
Pitching: RHP Brian Sanderson
Batting: RHB Adam Kelliher 0-0: Ball
1-0: Called Strike
1-1: Swinging Strike
1-2: Ball
2-2: Foul Ball, location: 2F
2-2: Strikes out swinging
Batting: SHB Nick Chandler 0-0: Swinging Strike
0-1: Called Strike
0-2: Ball
1-2: Ball
2-2: Ball
3-2: Base on Balls
Batting: RHB Jason Ostrom 0-0: Called Strike
0-1: Ball
1-1: Ground out 4-3 (Groundball, 4MS, EV 66.9 MPH)
Nick Chandler to second
Batting: RHB Pat Barton 0-0: Called Strike
0-1: Called Strike
0-2: Strikes out swinging
Top of the 7th over - 0 runs, 0 hits, 0 errors, 1 left on base; Iowa 2 - Memphis 4
BOTTOM OF THE 7TH
Memphis Redbirds batting - Pitching for Iowa Cubs : RHP Ryan Masterson
Batting: RHB Danny Gallo 0-0: Ball
1-0: Called Strike
1-1: Ball
2-1: Foul Ball, location: 2F
2-2: Ball
3-2: Ground out 5-3 (Groundball, 56, EV 81.9 MPH)
Batting: LHB Frank Hill 0-0: Ball
1-0: Foul Ball, location: 2F
1-1: SINGLE (Groundball, 5S, EV 66.9 MPH) (infield hit)
Batting: RHB Dan Boykins 0-0: Called Strike
0-1: Ball
1-1: Ball
2-1: SINGLE (Line Drive, 89M, EV 99.4 MPH)
Frank Hill to second
Batting: LHB David Moore 0-0: Ball
1-0: Ball
2-0: Ball
3-0: Called Strike
3-1: Called Strike
3-2: Base on Balls
Frank Hill to third
Dan Boykins to second
Batting: RHB Jason Gee 0-0: Ball
1-0: Foul Ball, location: 2F
1-1: Ball
2-1: SINGLE (Groundball, 56, EV 101.9 MPH)
Frank Hill scores
Dan Boykins to third
David Moore to second
Batting: RHB Rick O'Reilly 0-0: Ball
1-0: Ball
2-0: Ball
3-0: Called Strike
3-1: Grounds into double play, 5-2-3 (Groundball, 56S, EV 66.2 MPH)
Bottom of the 7th over - 1 run, 3 hits, 0 errors, 2 left on base; Iowa 2 - Memphis 5
TOP OF THE 8TH
Iowa Cubs batting - Pitching for Memphis Redbirds : RHP Brian Sanderson
Now at 2B: Rick O'Reilly
Now at 3B: Dan Hill
Now in LF: Melvin Enriquez
Now in CF: Shawn Morrison
Now in RF: Danny Gallo
Batting: RHB Adam O'Hare 0-0: Called Strike
0-1: Ball
1-1: DOUBLE (Line Drive, 7LM, EV 106.9 MPH)
Batting: RHB Brian Gargis 0-0: Ball
1-0: Foul Ball, location: 2F
1-1: Swinging Strike
1-2: Strikes out swinging
Batting: RHB Andy Wasierski 0-0: Called Strike
0-1: Ball
1-1: Foul Ball, location: 2F
1-2: Ball
2-2: Ball
3-2: Base on Balls
Batting: RHB Tony Mendez 0-0: Called Strike
0-1: Foul Ball, location: 2F
0-2: Foul Ball, location: 2F
0-2: SINGLE (Groundball, 56D, EV 103.8 MPH)
Adam O'Hare to third
Andy Wasierski to second
Runner from 3rd tries for Home, SAFE, throw by LF to home
Batting: RHB Sung-hwan Jung 0-0: SINGLE (Groundball, 34D, EV 103.8 MPH)
Andy Wasierski to third
Tony Mendez to second
Runner from 3rd tries for Home, SAFE, throw by RF to home
Batting: RHB Adam Kelliher 0-0: Ball
1-0: Ball
2-0: Ground out 5-3 (Groundball, 56, EV 96.9 MPH)
Tony Mendez to third
Sung-hwan Jung to second
Batting: SHB Nick Chandler 0-0: Ball
1-0: Fly out, F7 (Flyball, 7LM, EV 96.2 MPH)
Top of the 8th over - 2 runs, 3 hits, 0 errors, 2 left on base; Iowa 4 - Memphis 5
BOTTOM OF THE 8TH
Memphis Redbirds batting - Pitching for Iowa Cubs : RHP Ryan Masterson
Pitching: LHP Nate George
Batting: SHB Luke Robbins 0-0: Ball
1-0: Ball
2-0: Foul Ball, location: 2F
2-1: Foul Ball, location: 2F
2-2: Ground out 6-3 (Groundball, 6, EV 86.2 MPH)
Batting: RHB Melvin Enriquez 0-0: Ball
1-0: Called Strike
1-1: Foul Ball, location: 2F
1-2: Ball
2-2: DOUBLE (Flyball, 8RXD, EV 106.9 MPH)
Batting: LHB Shawn Morrison 0-0: Called Strike
0-1: Foul Ball, location: 2F
0-2: 2-RUN HOME RUN (Flyball, 9LD, EV 96.2 MPH), Distance : 334 ft
Batting: RHB Danny Gallo 0-0: Ball
1-0: Swinging Strike
1-1: Ground out 6-3 (Groundball, 6S, EV 77.5 MPH)
Batting: SHB Dan Hill 0-0: Foul Ball, location: 2F
0-1: Foul Ball, location: 2F
0-2: Strikes out swinging
Bottom of the 8th over - 2 runs, 2 hits, 0 errors, 0 left on base; Iowa 4 - Memphis 7
TOP OF THE 9TH
Iowa Cubs batting - Pitching for Memphis Redbirds : RHP Brian Sanderson
Pitching: RHP Mike Zimmerly
Batting: RHB Jason Ostrom 0-0: Ball
1-0: SINGLE (Groundball, 5L, EV 98.8 MPH)
Batting: RHB Pat Barton 0-0: Foul Ball, location: 2F
0-1: Foul Ball, location: 2F
0-2: Ground out 5-3 (Groundball, 56, EV 100.6 MPH)
Jason Ostrom to second
Batting: RHB Adam O'Hare 0-0: Called Strike
0-1: Foul Ball, location: 2F
0-2: Foul Ball, location: 2F
0-2: Strikes out swinging
Batting: RHB Brian Gargis 0-0: Foul Ball, location: 2F
0-1: Ball
1-1: Ball
2-1: Ball
3-1: Base on Balls
Batting: RHB Andy Wasierski 0-0: Called Strike
0-1: Foul Ball, location: 2F
0-2: Foul Ball, location: 2F
0-2: Ball
1-2: Strikes out swinging
Top of the 9th over - 0 runs, 1 hit, 0 errors, 2 left on base; Iowa 4 - Memphis 7
Tuesday, September 13th , 2022 - OOTP Baseball 23.7 Build 88